 Dungeon Sprint DCSS version 0.31-a0-844-gdc52ec4e09 (webtiles) character file.

Game seed: 8303806932327013795

72 rocky1 the Trooper (level 4, -10/46 HPs)
             Began as a Naga Fighter on Sept 30, 2023.
             Was an Initiate of Cheibriados.
             Mangled by a two-headed ogre
             ... wielding a +0 giant club
              (24 damage)
             ... in the Dungeon (Sprint IX: "|||||||||||||||||||||||||||||").
             The game lasted 00:01:09 (459 turns).

rocky1 the Trooper (Naga Fighter)                    Turns: 459, Time: 00:01:10

Health: -10/46     AC: 16    Str: 21    XL:     4   Next: 25%
Magic:  4/4        EV:  7    Int: 13    God:    Cheibriados [......]
Gold:   0          SH:  5    Dex: 11    Spells: 3/3 levels left

rFire   . . .        m - +2 morningstar (protect)
rCold   . . .        c - +0 buckler
rNeg    . . .        o - +1 scale mail
rPois   +            n - +0 helmet
rElec   .            (no cloak)
rCorr   .            (no gloves)
SInv    +            (no barding)
Will    .....        (no amulet) Stlth
                     q - +3 ring of intelligence
HPRegen 0.27/turn    p - +2 ring of protection
MPRegen 0.09/turn

%: no teleportation
@: under a protective aura, invisible, very slow
A: AC +1, large, see invisible, deformed body, poison resistance, slowness 2,
spit poison 1, naga tail 1
a: Spit Poison, Renounce Religion


You were in the Dungeon.
You worshipped Cheibriados.
Cheibriados was noncommittal.
You visited 1 branch

Inventory:

Hand Weapons
 a - a +0 flail
 m - a +2 morningstar of protection (weapon)
Armour
 b - a +0 scale mail
 c - a +0 buckler (worn)
 n - a +0 helmet (worn)
 o - a +1 scale mail (worn)
Jewellery
 p - a +2 ring of protection (right hand)
 q - a +3 ring of intelligence (left hand)
Wands
 l - a wand of roots (10)
Scrolls
 j - 2 scrolls of blinking
 k - 2 scrolls of amnesia
Potions
 d - a potion of might
 e - 5 potions of curing
 f - a potion of heal wounds
 g - a potion of haste
 h - 4 potions of magic


   Skills:
 + Level 5.0 Fighting
 + Level 3.8 Maces & Flails
 + Level 4.1 Armour
 + Level 0.6 Dodging
 + Level 4.6 Shields


You had 3 spell levels left.
You didn't know any spells.
Your spell library was empty.

Dungeon Overview and Level Annotations

Branches:
Dungeon (1/1)

Altars:
Cheibriados
Dithmenos
Elyvilon
Fedhas
Gozag
Hepliaklqana
Kikubaaqudgha
Makhleb
Nemelex Xobeh
Okawaru
Qazlal
Ru
Sif Muna
Trog
Uskayaw
Vehumet
Wu Jian
Xom
Yredelemnul
Zin
The Shining One
Jiyva
Lugonu


Innate Abilities, Weirdness & Mutations

Your serpentine skin is tough. (AC +1)
You have supernaturally acute eyesight. (SInv)
Armour fits poorly on your strangely shaped body.
Your system is resistant to poisons. (rPois)
You cover ground very slowly.
You can spit poison.
You have a snake-like lower body.


Message History

The howler monkey hoots and howls with incredible vigour!
You hear a shout!
Unknown command.
You fade into invisibility!
Unknown command.
The two-headed ogre barely misses you. x2
The gnoll sergeant hits you from afar with a +1 trident of protection!
There is an open door to the Dungeon here.
You barely miss the two-headed ogre. You block the two-headed ogre's attack.
The two-headed ogre hits you with a +0 giant club!!
You hit the two-headed ogre.
Your weapon exudes an aura of protection.
The two-headed ogre is lightly wounded.
You block the two-headed ogre's attack.
The two-headed ogre hits you with a +0 giant club!
* * * LOW HITPOINT WARNING * * *
You feel much better.
The two-headed ogre hits you with a +0 giant club!
The two-headed ogre hits you with a +0 giant club.
You sock the two-headed ogre!
The two-headed ogre is moderately wounded.
You sock the two-headed ogre!
The two-headed ogre is heavily wounded.
The two-headed ogre barely misses you.
The two-headed ogre hits you with a +0 giant club!
* * * LOW HITPOINT WARNING * * *
You feel much better. You block the two-headed ogre's attack.
The two-headed ogre hits you but does no damage.
The gnoll sergeant hits you from afar with a +1 trident of protection.
You hit the two-headed ogre.
The two-headed ogre is severely wounded.
The two-headed ogre hits you with a +0 giant club!
The two-headed ogre hits you with a +0 giant club.
The gnoll sergeant closely misses you.
You hit the two-headed ogre.
The two-headed ogre is severely wounded.
You block the gnoll sergeant's attack.
The two-headed ogre hits you with a +0 giant club!!
Ouch! That really hurt!
You die... ▓▓▓▓▓▓▓▓▓▓▓▓▓▓▓▓▓▓▓▓▓▓▓▓ ______'..)..[...@Oglhoy+ ▓▓▓▓▓▓▓▓▓▓▓▓▓▓▓▓▓▓▓▓▓▓▓▓

You could see a two-headed ogre (unable to see you), an orc warrior (unable to see you), a wyvern (unable to see you), a gnoll sergeant (unable to see you), a howler monkey (unable to see you) and a killer bee (unable to see you).

Vanquished Creatures
  A gnoll bouda (D)
  A hound (D)
  A white imp (D)
  2 orcs (D)
  A bat (D)
  A hobgoblin (D)
  3 rats (D)
10 creatures vanquished.

Notes
Turn   | Place    | Note
-------+----------+-------------------------------------------
     0 | D        | rocky1 the Naga Fighter began the quest for the Orb.
     0 | D        | Reached XP level 1. HP: 21/21 MP: 1/1
     9 | D        | Banished a spatial maelstrom
    65 | D        | Noticed a gnoll bouda
    65 | D        | Noticed a hound
    70 | D        | Reached XP level 2. HP: 28/28 MP: 2/2
    73 | D        | Reached skill level 4 in Fighting
    73 | D        | Reached XP level 3. HP: 29/37 MP: 3/3
    81 | D        | Reached XP level 4. HP: 16/45 MP: 4/4
    84 | D        | Reached skill level 5 in Fighting
   285 | D        | Found a snail-covered altar of Cheibriados.
   285 | D        | Found a shadowy altar of Dithmenos.
   285 | D        | Found a white marble altar of Elyvilon.
   285 | D        | Found a blossoming altar of Fedhas.
   285 | D        | Found an opulent altar of Gozag.
   286 | D        | Found a hazy altar of Hepliaklqana.
   287 | D        | Found a viscous altar of Jiyva.
   288 | D        | Found an ancient bone altar of Kikubaaqudgha.
   289 | D        | Became a worshipper of Cheibriados the Contemplative
   290 | D        | Found a corrupted altar of Lugonu.
   291 | D        | Found a burning altar of Makhleb.
   392 | D        | Found a sparkling altar of Nemelex Xobeh.
   393 | D        | Found an iron altar of Okawaru.
   394 | D        | Found a stormy altar of Qazlal.
   395 | D        | Found a sacrificial altar of Ru.
   396 | D        | Found a shimmering blue altar of Sif Muna.
   397 | D        | Found a bloodstained altar of Trog.
   398 | D        | Found a hide-covered altar of Uskayaw.
   399 | D        | Found a radiant altar of Vehumet.
   400 | D        | Found an ornate altar of the Wu Jian Council.
   401 | D        | Found a shimmering altar of Xom.
   402 | D        | Found a basalt altar of Yredelemnul.
   403 | D        | Found a glowing silver altar of Zin.
   404 | D        | Found a glowing golden altar of the Shining One.
   449 | D        | Noticed a gnoll sergeant
   449 | D        | Noticed a two-headed ogre
   449 | D        | Noticed a wyvern
   449 | D        | Noticed an orc warrior
   459 | D        | Mangled by a two-headed ogre

Illustrated notes

Levels and vault maps discovered:
D:        linesprint [early_d, line_temple, items_1, d_10, items_2, lair_1,
          lair_end, items_3, orc_1, orc_end, items_4, d_15, swamp_1, shoals_1,
          snake_1, spider_1, d_20, vaults_1, items_5, swamp_end, shoals_end,
          snake_end, spider_end, vaults_end, d_27, items_6, zot_1, zot_end,
          crypt_end, forest_end, elf_end, slime_end, tomb_end, abyss_end,
          pan_hell_end]

Skill      XL: |  1  2  3  4 |
---------------+-------------+-----
Shields        | 3 4 |  4.6
Armour         | 3 4 |  4.1
Fighting       | 4 5 |  5.0
Maces & Flails | 3 |  3.8
Dodging        | |  0.6

Action                     |  1- 3 |  4- 6 || total
---------------------------+-------+-------++-------
  Melee: Flail             |    32 |     1 ||    33
         Morningstar       |       |     6 ||     6
Ability: Spit Poison       |       |     1 ||     1
    Use: Potion            |     1 |     3 ||     4
 Armour: Scale mail        |    25 |    12 ||    37
  Dodge: Dodged            |    14 |     5 ||    19
  Block: Buckler           |     6 |     5 ||    11

Table legend: (Time is in decaauts)
 A = Elapsed time spent in this place.
 B = Non-inter-level travel time spent in this place.
 C = Inter-level travel time spent in this place.
 D = Time resting spent in this place.
 E = Time spent auto-exploring this place.
 F = Levels seen in this place.
 G = Mean time per level.
                   A        B        C        D        E       F      G
               +--------+--------+--------+--------+--------+-----+--------+
         Total |    510 |    510 |      0 |    341 |      0 |   1 |  510.0 |
       Dungeon |    510 |    510 |      0 |    341 |      0 |   1 |  510.0 |
               +--------+--------+--------+--------+--------+-----+--------+

Top non-repeatable levels by time:
       D: 510 daAuts
